 Dungeon Crawl Stone Soup version 0.18.1-50-g88ac8fd (webtiles) character file.

6202 nikopol the Cleaver (level 10, -10/135 HPs)
             Began as a Minotaur Berserker on Oct 15, 2016.
             Was a High Priest of Trog.
             Killed from afar by a gargoyle (11 damage)
             ... with a stone arrow
             ... on level 10 of the Dungeon.
             The game lasted 00:23:23 (8813 turns).

nikopol the Cleaver (Minotaur Berserker)            Turns: 8813, Time: 00:23:24

Health: -10/135    AC: 17    Str: 27    XL:     10   Next: 61%
Magic:  6/9        EV: 17    Int:  4    God:    Trog [*****.]
Gold:   520        SH:  0    Dex: 19    Spells: 0 memorised, 9 levels left

rFire  . . .     SeeInvis .     a - +0 war axe
rCold  + . .     Gourm    .     k - +2 ring mail {rC+}
rNeg   . . .     Faith    .     (no shield)
rPois  +         Spirit   .     U - +2 hat
rElec  .         Dismiss  .     I - +0 cloak
rCorr  .         Reflect  .     y - +0 pair of gloves
SustAt .         Harm     .     i - +2 pair of boots
MR     .....                    (no amulet)
Stlth  ..........               w - ring of poison resistance
                                p - +6 ring of dexterity

@: berserking, very quick, not resistant to hostile enchantments, extremely
unstealthy
A: retaliatory headbutt, horns 2
a: Berserk, Trog's Hand, Brothers in Arms, Burn Spellbooks, Renounce Religion


You were on level 10 of the Dungeon.
You worshipped Trog.
Trog was extremely pleased with you.
You were hungry.

You visited 1 branch of the dungeon, and saw 10 of its levels.
You also visited: Sewer.

You collected 520 gold pieces.

Inventory:

Hand Weapons
 a - a +0 war axe (weapon)
 z - a +3 shortbow
 O - a +0 shortbow
 S - a +0 hand axe
Missiles
 l - 137 arrows
Armour
 i - a +2 pair of boots (worn)
 k - a +2 ring mail of cold resistance (worn)
 y - a +0 pair of gloves (worn)
 I - a +0 cloak (worn)
 U - a +2 hat (worn)
Jewellery
 p - a +6 ring of dexterity (left hand)
 w - a ring of poison resistance (right hand)
 D - an uncursed ring of protection from magic
 M - an uncursed ring of flight
 V - a +4 amulet of reflection {unknown}
Wands
 s - a wand of lightning (7/15)
 v - a wand of digging (1/24)
 Q - a wand of iceblast (5/15)
Scrolls
 b - a scroll of blinking {unknown}
 d - 3 scrolls of recharging
 f - 2 scrolls of enchant weapon {unknown}
 g - a scroll of random uselessness {unknown}
 h - 5 scrolls of identify
 j - 3 scrolls of magic mapping
 m - 2 scrolls of enchant armour {unknown}
 q - a scroll of noise {unknown}
 A - 3 scrolls of teleportation
 B - a scroll of fog {unknown}
 C - 2 scrolls of vulnerability {unknown}
 G - a scroll of amnesia {unknown}
 L - 7 scrolls of remove curse {unknown}
 W - a scroll of holy word {unknown}
Potions
 e - a potion of lignification
 n - 3 potions of mutation {unknown}
 o - 3 potions of curing
 t - 2 potions of brilliance {unknown}
 u - 2 potions of invisibility {unknown}
 x - 3 potions of cure mutation {unknown}
 H - 2 potions of ambrosia {unknown}
 J - 2 potions of might {unknown}
 P - a potion of flight {unknown}
 R - a potion of beneficial mutation {unknown}
Comestibles
 c - 5 bread rations
 r - 5 meat rations
 E - 5 fruits
 F - 2 beef jerkies
 K - 6 chunks of flesh
 T - 10 royal jellies


   Skills:
 + Level 8.9 Fighting
 * Level 11.3 Axes
 * Level 5.3 Bows
 + Level 9.3 Armour
 + Level 8.1 Dodging


You had 9 spell levels left.
You didn't know any spells.

Dungeon Overview and Level Annotations

Branches:
Dungeon (10/15)            Temple (0/1) D:5
   Lair: D:8-11         Orc: D:9-12

Altars:
Cheibriados
Elyvilon
Gozag
Pakellas
Qazlal
Sif Muna
Vehumet
Yredelemnul

Shops:
D:9 =*


Innate Abilities, Weirdness & Mutations

You reflexively headbutt those who attack you in melee.
You have a pair of horns on your head.


Message History

The gargoyle hits you with a flail!
You hit the gargoyle but do no damage.
The gargoyle is severely damaged.
You hit the gargoyle but do no damage.
The gargoyle is severely damaged.
The gargoyle hits you with a flail!
You hit the gargoyle but do no damage.
The gargoyle is severely damaged.
The gargoyle hurls a stone arrow at you.
The stone arrow hits you!
* * * LOW HITPOINT WARNING * * *
You are too injured to fight recklessly!
You are too injured to fight recklessly!
You are too injured to fight recklessly!
A red film seems to cover your vision as you go berserk!
You feel yourself moving faster!
You feel mighty!
You feel somewhat more hungry.
The gargoyle hurls a stone arrow at you.
The stone arrow hits you!
You die...

#.......(.... ....(..
#............ .?.....
#............ ...(...
#............ #....(
#............ ##....(
#............ ......(
#............
......9#####............
.......@........≈≈≈.....
##+###.......≈≈≈≈#≈.####
#....≈≈≈≈#≈≈≈≈.....
#....≈#≈≈≈≈#≈≈≈....
#....≈≈≈#≈≈≈≈#≈....
#.....≈≈≈≈#≈≈≈≈....
#.....≈#≈≈≈≈#≈≈≈...
#.....≈≈≈#≈≈≈≈#≈...
#.###..≈≈≈≈#≈≈≈≈...


You could see a gargoyle.

Vanquished Creatures
  A hill giant (D:10)
  A two-headed ogre (D:9)
  A troll (D:10)
  Prince Ribbit (D:7)
  A wyvern (D:9)
  3 hippogriffs (D:9)
  A hungry ghost (D:6)
  Menkaure (D:7)
  3 ice beasts
  3 orc warriors
  An eye of draining (D:10)
  A necrophage (D:6)
  4 sky beasts
  2 ogres
  3 centaurs
  A crocodile (Sewer)
  4 giant frogs
  A water moccasin zombie (D:9)
  3 scorpions
  7 killer bees (D:9)
  8 wights (D:6)
  An electric eel (D:10)
  2 howler monkeys
  A centaur zombie (D:9)
  2 crimson imps (D:7)
  A giant frog zombie (D:6)
  A quasit (D:5)
  9 orc priests
  5 orc wizards
  2 hounds
  5 jellies
  Crazy Yiuf (D:6)
  A gnoll shaman (D:5)
  A centaur skeleton (D:10)
  3 iguanas
  8 worker ants
  A hound zombie (D:8)
  A mummy (D:8)
  A worker ant zombie (D:10)
  A howler monkey skeleton (D:6)
  12 gnolls
  A river rat (D:3)
  12 adders
  2 shadow imps
  5 oozes (D:8)
  An adder zombie (D:7)
  An adder skeleton (D:6)
  3 worms
  2 dart slugs
  6 giant geckos
  31 orcs
  3 ball pythons
  7 giant cockroaches
  8 goblins
  7 hobgoblins
  14 jackals
  8 kobolds
  3 quokkas
  7 bats
  A giant cockroach zombie (D:5)
  A giant gecko zombie (D:6)
  5 giant newts
  A jackal skeleton (D:4)
  A rat (D:3)
240 creatures vanquished.

Notes
Turn   | Place    | Note
--------------------------------------------------------------
     0 | D:1      | nikopol the Minotaur Berserker began the quest for the Orb.
     0 | D:1      | Reached XP level 1. HP: 19/19 MP: 0/0
   200 | D:1      | Reached skill level 4 in Axes
   200 | D:1      | Reached XP level 2. HP: 25/27 MP: 1/1
   504 | D:1      | Reached ** piety under Trog
   565 | D:1      | Reached XP level 3. HP: 33/33 MP: 2/2
  1959 | D:3      | Reached XP level 4. HP: 40/40 MP: 3/3
  2108 | D:3      | Found a glowing drain.
  2112 | Sewer    | Entered a sewer
  2160 | Sewer    | Noticed a crocodile
  2170 | Sewer    | Killed a crocodile
  2170 | Sewer    | Reached XP level 5. HP: 21/47 MP: 4/4
  2445 | D:3      | Reached skill level 5 in Axes
  2636 | D:3      | Found an oddly glowing altar of Pakellas.
  3165 | D:3      | Reached *** piety under Trog
  3255 | D:4      | Reached skill level 5 in Fighting
  3273 | D:4      | Reached XP level 6. HP: 24/56 MP: 5/5
  3655 | D:4      | Reached skill level 5 in Armour
  3871 | D:4      | Reached XP level 7. HP: 42/61 MP: 6/6
  3996 | D:4      | Reached skill level 6 in Axes
  4001 | D:5      | Entered Level 5 of the Dungeon
  4206 | D:5      | Reached skill level 5 in Dodging
  4588 | D:5      | Found a stormy altar of Qazlal.
  4670 | D:5      | Found a staircase to the Ecumenical Temple.
  4702 | D:5      | Found a white marble altar of Elyvilon.
  4741 | D:5      | Reached **** piety under Trog
  5029 | D:5      | Found a basalt altar of Yredelemnul.
  5158 | D:5      | Found a deep blue altar of Sif Muna.
  5284 | D:6      | Reached XP level 8. HP: 71/71 MP: 7/7
  5319 | D:6      | Reached skill level 7 in Axes
  5674 | D:6      | Reached skill level 8 in Axes
  5840 | D:6      | Reached XP level 9. HP: 79/79 MP: 8/8
  5899 | D:6      | Reached skill level 9 in Axes
  5997 | D:6      | Found a radiant altar of Vehumet.
  6154 | D:6      | Noticed Crazy Yiuf
  6161 | D:6      | Killed Crazy Yiuf
  6357 | D:7      | Noticed Menkaure
  6367 | D:7      | Killed Menkaure
  6402 | D:7      | Noticed Prince Ribbit
  6414 | D:7      | Killed Prince Ribbit
  7025 | D:8      | Reached skill level 1 in Bows
  7178 | D:8      | Reached skill level 10 in Axes
  7215 | D:8      | Found an opulent altar of Gozag.
  7417 | D:8      | Reached ***** piety under Trog
  7494 | D:8      | Found a snail-covered altar of Cheibriados.
  7630 | D:9      | Found Qerieb's Assorted Antiques.
  7856 | D:9      | Reached XP level 10. HP: 89/89 MP: 9/9
  7984 | D:9      | Found Udappupt's Jewellery Boutique.
  8131 | D:9      | Received a gift from Trog
  8413 | D:10     | Entered Level 10 of the Dungeon
  8450 | D:10     | Reached skill level 11 in Axes
  8747 | D:10     | Noticed a hill giant
  8757 | D:10     | Killed a hill giant
  8757 | D:10     | Reached skill level 5 in Bows
  8800 | D:10     | Noticed a gargoyle
  8812 | D:10     | HP: 1/90 [gargoyle/stone arrow (31)]
  8813 | D:10     | Killed from afar by a gargoyle

Skill      XL: |  1  2  3  4  5  6  7  8  9 10 |
---------------+-------------------------------+-----
Axes           | 4 5 6 8 10 11 | 11.3
Fighting       | 4 5 6 7 8 |  8.9
Armour         | 3 4 5 6 7 8 9 |  9.3
Dodging        | 3 4 5 6 7 8 |  8.1
Bows           | 3 5 |  5.3

Action                   |  1- 3 |  4- 6 |  7- 9 | 10-12 || total
-------------------------+-------+-------+-------+-------++-------
Melee: Hand axe          |   113 |   119 |   275 |       ||   507
       Headbutt          |    13 |    25 |    88 |     9 ||   135
       War axe           |       |       |    25 |    46 ||    71
       Shortbow          |       |       |     2 |       ||     2
 Fire: Shortbow          |       |       |    90 |    89 ||   179
Invok: Berserk           |       |       |     4 |     2 ||     6
       Burn Spellbooks   |       |       |     2 |       ||     2
  Use: Scroll            |     4 |       |       |       ||     4
  Eat: Chunk             |     2 |     7 |    17 |     4 ||    30
Armor: Animal skin       |     2 |       |       |       ||     2
       Ring mail         |    37 |    48 |   135 |    26 ||   246
Dodge: Dodged            |    68 |    61 |   264 |    81 ||   474
